MONTREAL Canadiens vs DALLAS Stars

Created - 1 janvier 2019 at 12:00

Goals
1 2 3 OT1 SO T
MONTREAL Canadiens 1 0 2 0 1 4
DALLAS Stars 1 1 1 0 0 3
Shots
1 2 3 OT1 SO T
MONTREAL Canadiens 12 17 13 3 3 45
DALLAS Stars 9 9 11 2 3 31

1st period

1. MONTREAL Canadiens , Anthony Beauvillier 7 (Pierre-Luc Dubois 21, Anthony Mantha 5) at 5:56
2. DALLAS Stars , Jamie McGinn 6 (Ben Hutton 11, Chris Kunitz 11) at 9:52

Penalties :
No Penalty

2nd period

3. DALLAS Stars , Dalton Prout 5 (Chris Stewart 12, Scott Hartnell 10) at 18:37

Penalties :
Connor Murphy (DAL) for Interference (Minor) at 11:15

3rd period

4. MONTREAL Canadiens , Pierre-Luc Dubois 5 (Jason Pominville 8, Derrick Pouliot 7) at 5:10 (PP)
5. MONTREAL Canadiens , Anthony Mantha 10 (Pierre-Luc Dubois 22, Anthony Beauvillier 13) at 8:03
6. DALLAS Stars , Ben Hutton 5 (Dale Weise 4, Connor Murphy 13) at 9:39

Penalties :
Connor Murphy (DAL) for Holding (Minor) at 0:10, Eric Gelinas (DAL) for Holding (Minor) at 4:11

Overtime #1

No Goal

Penalties :
No Penalty

Shootout

MONTREAL Canadiens, Pierre-Luc Dubois - Goal!
DALLAS Stars, Lee Stempniak - Stopped by Carter Hutton
MONTREAL Canadiens, Mathieu Perreault - Stopped by Steve Mason
DALLAS Stars, Chris Kunitz - Stopped by Carter Hutton
MONTREAL Canadiens, Tyler Pitlick - Stopped by Steve Mason
DALLAS Stars, Scott Hartnell - Stopped by Carter Hutton

Penalties :
No Penalty

Goalie Stats

Carter Hutton (MTL), 28 saves from 31 shots - (0,903), W, 2-7-3, 65:00 minutes
Steve Mason (DAL), 42 saves from 45 shots - (0,933), OTL, 9-16-3, 65:00 minutes

Players Stats for MONTREAL Canadiens

Player Name              G  A  P  +/- PIM S  H  SB GA TA FO     MP     PP MP  PK MP  
------------------------------------------------------------------------------------
Anthony Beauvillier      1  1  2   2  0   6  3  0  0  0  1/5    23:01   2:15   0:00 
Anthony Mantha           1  1  2   2  0   6  0  1  0  0  1/1    23:28   2:42   0:00 
Brian Gionta             0  0  0   0  0   3  0  0  0  0  0/1    14:56   2:15   0:00 
Clayton Stoner           0  0  0   0  0   0  5  0  0  0  0/0    16:36   0:00   0:00 
Derrick Pouliot          0  1  1   0  0   0  1  0  0  0  0/0    24:32   2:28   0:00 
Frederick Gaudreau       0  0  0  -1  0   2  0  0  0  0  0/0     6:47   0:00   0:00 
Greg Pateryn             0  0  0  -1  0   5  3  3  0  0  0/0    26:58   2:29   0:00 
Jacob de la Rose         0  0  0  -1  0   2  0  0  0  0  0/1     6:47   0:00   0:00 
Jason Pominville         0  1  1  -2  0   4  1  0  0  0  0/1    19:07   2:42   0:00 
Joseph Blandisi          0  0  0  -2  0   2  0  1  0  0  10/16  16:25   0:00   0:00 
Kevin Gravel             0  0  0   0  0   1  1  1  0  0  0/0    18:20   2:01   0:00 
Marian Gaborik           0  0  0   0  0   0  0  0  0  0  1/2    13:19   0:00   0:00 
Mathieu Perreault        0  0  0  -2  0   4  4  0  0  0  1/4    21:26   2:15   0:00 
Paul Martin              0  0  0  -1  0   0  1  4  0  0  0/0    22:26   0:28   0:00 
Phillip Danault          0  0  0   0  0   5  1  0  0  0  6/13   13:19   0:00   0:00 
Pierre-Luc Dubois        1  2  3   2  0   3  1  0  0  0  21/37  24:38   2:42   0:00 
Samuel Morin             0  0  0   0  0   0  2  1  0  0  0/0    21:08   2:28   0:00 
Tyler Pitlick            0  0  0  -1  0   2  0  0  0  0  5/9     6:47   0:00   0:00 

Players Stats for DALLAS Stars

Player Name              G  A  P  +/- PIM S  H  SB GA TA FO     MP     PP MP  PK MP  
------------------------------------------------------------------------------------
Ben Hutton               1  1  2   2  0   2  0  0  0  0  0/0    24:56   0:00   1:32 
Chris Kunitz             0  1  1   0  0   9  0  0  0  0  1/1    20:51   0:00   3:23 
Chris Stewart            0  1  1   0  0   0  1  0  0  0  1/2    13:16   0:00   0:00 
Connor Murphy            0  1  1   2  4   1  3  1  0  0  0/0    24:21   0:00   0:59 
Dale Weise               0  1  1   1  0   1  1  1  0  0  6/13    8:36   0:00   0:00 
Dalton Prout             1  0  1   1  0   1  2  0  0  0  0/0    20:47   0:00   2:45 
Derek Ryan               0  0  0   0  0   3  1  0  0  0  17/34  22:43   0:00   2:40 
Eric Fehr                0  0  0   0  0   1  0  0  0  0  6/15   15:06   0:00   0:20 
Eric Gelinas             0  0  0   1  2   0  5  0  0  0  0/0    18:17   0:00   2:26 
Jamie McGinn             1  0  1   0  0   2  0  0  0  0  1/1    14:46   0:00   0:00 
Lee Stempniak            0  0  0   1  0   1  0  0  0  0  0/2     9:02   0:00   1:15 
MacKenzie Weegar         0  0  0  -2  0   0  5  1  0  0  0/0    22:59   0:00   2:12 
Mark Barberio            0  0  0  -2  0   1  2  0  0  0  0/0    18:37   0:00   0:00 
Mikkel Boedker           0  0  0   0  0   2  0  0  0  0  1/1    22:40   0:00   1:08 
Milan Lucic              0  0  0   0  0   5  2  0  0  0  4/5    22:45   0:00   0:00 
Scott Hartnell           0  1  1   0  0   1  1  0  0  0  2/4    15:04   0:00   1:08 
Tanner Fritz             0  0  0   0  0   1  1  0  0  0  5/12   12:27   0:00   0:00 
Tyler Ennis              0  0  0   1  0   0  0  0  0  0  0/0     7:47   0:00   0:00 

3 Stars

1 - Pierre-Luc Dubois (MTL)
2 - Anthony Beauvillier (MTL)
3 - Anthony Mantha (MTL)

Power Play

MONTREAL Canadiens - 1 on 3 Attempt(s) - 33,33%
DALLAS Stars - 0 on 0 Attempt(s) - 0,00%

Penalty Kill

MONTREAL Canadiens - 0 on 0 Attempt(s) - 0,00% - Score 0 goal in Penalty Kill
DALLAS Stars - 2 on 3 Attempt(s) - 66,67% - Score 0 goal in Penalty Kill

Team Stat

MONTREAL Canadiens - Hits : 23 - Faceoff Wins : 46 - Blocked Shots : 11 - Penalty Minutes : 0
DALLAS Stars - Hits : 24 - Faceoff Wins : 44 - Blocked Shots : 3 - Penalty Minutes : 6

Official

Referees : Unknown
Linesman : Unknown

Game Notes

No Game Note

Finance

Level 1 -- Attendance: 4022 (61,88%) -- Ticket Income 482 640 $
Level 2 -- Attendance: 3432 (57,20%) -- Ticket Income 233 376 $
Level 3 -- Attendance: 1877 (46,93%) -- Ticket Income 63 818 $
Level 4 -- Attendance: 2197 (48,82%) -- Ticket Income 65 910 $
Luxury Box -- Attendance: 714 (71,40%) -- Ticket Income 157 080 $
Game was played at the American Airlines Center.
Total Attendance: 12242 (55,65%)
Total Ticket Income: 1 002 824 $
Other Income: 391 101 $
Total Income: 1 393 925 $

MONTREAL Canadiens

5 vs 5 Forward 
   Center                   Left Wing                Right Wing               Time % Phy DF OF 
 1 Pierre-Luc Dubois        Anthony Beauvillier      Anthony Mantha           40     1   2  2  
 2 Joseph Blandisi          Mathieu Perreault        Jason Pominville         30     1   2  2  
 3 Phillip Danault          Marian Gaborik           Brian Gionta             20     1   2  2  
 4 Tyler Pitlick            Jacob de la Rose         Frederick Gaudreau       10     1   2  2  

5 vs 5 Defense 
   Defense                  Defense                                           Time % Phy DF OF 
 1 Greg Pateryn             Paul Martin                                       40     1   2  2  
 2 Derrick Pouliot          Samuel Morin                                      30     1   2  2  
 3 Clayton Stoner           Kevin Gravel                                      20     1   2  2  
 4 Greg Pateryn             Derrick Pouliot                                   10     1   2  2  

PowerPlay Forward 
   Center                   Left Wing                Right Wing               Time % Phy DF OF 
 1 Pierre-Luc Dubois        Jason Pominville         Anthony Mantha           60     1   2  2  
 2 Anthony Beauvillier      Mathieu Perreault        Brian Gionta             40     1   2  2  

PowerPlay Defense
   Defense                  Defense                                           Time % Phy DF OF 
 1 Samuel Morin             Derrick Pouliot                                   60     1   2  2  
 2 Greg Pateryn             Kevin Gravel                                      40     1   2  2  

Penalty Kill 4 Players Forward 
   Center                   Wing                     Time % Phy DF OF 
 1 Mathieu Perreault        Pierre-Luc Dubois        60     1   2  2  
 2 Anthony Mantha           Jacob de la Rose         40     1   2  2  

Penalty Kill 4 Players Defense
   Defense                  Defense                  Time % Phy DF OF 
 1 Greg Pateryn             Samuel Morin             60     1   2  2  
 2 Paul Martin              Derrick Pouliot          40     1   2  2  

Penalty Kill - 3 Players Forward 
   Forward                                           Time % Phy DF OF 
 1 Pierre-Luc Dubois                                 60     1   2  2  
 2 Anthony Mantha                                    40     1   2  2  

Penalty Kill - 3 Players Defense
   Defense                  Defense                  Time % Phy DF OF 
 1 Greg Pateryn             Derrick Pouliot          60     1   2  2  
 2 Paul Martin              Samuel Morin             40     1   2  2  

4 vs 4 Forward 
   Center                   Wing                     Time % Phy DF OF 
 1 Mathieu Perreault        Pierre-Luc Dubois        60     1   2  2  
 2 Anthony Beauvillier      Anthony Mantha           40     1   2  2  

4 vs 4 Defense
   Defense                  Defense                  Time % Phy DF OF 
 1 Derrick Pouliot          Paul Martin              60     1   2  2  
 2 Samuel Morin             Greg Pateryn             40     1   2  2  

Last Minutes Offensive
   Center                   Left Wing                Right Wing               Defense                  Defense                  
   Pierre-Luc Dubois        Anthony Beauvillier      Anthony Mantha           Greg Pateryn             Paul Martin              

Last Minutes Defensive
   Center                   Left Wing                Right Wing               Defense                  Defense                  
   Pierre-Luc Dubois        Anthony Beauvillier      Anthony Mantha           Greg Pateryn             Paul Martin              

Goaltenders
Starting : Carter Hutton            
Backup : Kari Lehtonen            

Extra Forwards
Normal : Anthony Mantha, Pierre-Luc Dubois, Mathieu Perreault - PP : Mathieu Perreault, Pierre-Luc Dubois - PK : Pierre-Luc Dubois
Extra Defensemen
Normal : Samuel Morin, Derrick Pouliot, Clayton Stoner - PP : Derrick Pouliot - PK : Samuel Morin, Derrick Pouliot
Penalty Shots
Pierre-Luc Dubois, Mathieu Perreault, Tyler Pitlick, Jason Pominville, Anthony Mantha

DALLAS Stars

5 vs 5 Forward 
   Center                   Left Wing                Right Wing               Time % Phy DF OF 
 1 Derek Ryan               Milan Lucic              Mikkel Boedker           40     1   2  2  
 2 Eric Fehr                Chris Kunitz             Jamie McGinn             30     1   2  2  
 3 Tanner Fritz             Scott Hartnell           Chris Stewart            20     1   2  2  
 4 Dale Weise               Tyler Ennis              Lee Stempniak            10     1   2  2  

5 vs 5 Defense 
   Defense                  Defense                                           Time % Phy DF OF 
 1 Connor Murphy            Ben Hutton                                        40     1   2  2  
 2 Mark Barberio            MacKenzie Weegar                                  30     1   2  2  
 3 Dalton Prout             Eric Gelinas                                      20     1   2  2  
 4 Connor Murphy            Ben Hutton                                        10     1   2  2  

PowerPlay Forward 
   Center                   Left Wing                Right Wing               Time % Phy DF OF 
 1 Derek Ryan               Scott Hartnell           Mikkel Boedker           60     1   2  2  
 2 Eric Fehr                Chris Kunitz             Jamie McGinn             40     1   2  2  

PowerPlay Defense
   Defense                  Defense                                           Time % Phy DF OF 
 1 Connor Murphy            Eric Gelinas                                      60     1   2  2  
 2 Dalton Prout             MacKenzie Weegar                                  40     1   2  2  

Penalty Kill 4 Players Forward 
   Center                   Wing                     Time % Phy DF OF 
 1 Derek Ryan               Chris Kunitz             60     1   2  2  
 2 Scott Hartnell           Mikkel Boedker           40     1   2  2  

Penalty Kill 4 Players Defense
   Defense                  Defense                  Time % Phy DF OF 
 1 Connor Murphy            Dalton Prout             60     1   2  2  
 2 Eric Gelinas             MacKenzie Weegar         40     1   2  2  

Penalty Kill - 3 Players Forward 
   Forward                                           Time % Phy DF OF 
 1 Mikkel Boedker                                    60     1   2  2  
 2 Chris Kunitz                                      40     1   2  2  

Penalty Kill - 3 Players Defense
   Defense                  Defense                  Time % Phy DF OF 
 1 Connor Murphy            Dalton Prout             60     1   2  2  
 2 Eric Gelinas             MacKenzie Weegar         40     1   2  2  

4 vs 4 Forward 
   Center                   Wing                     Time % Phy DF OF 
 1 Milan Lucic              Chris Kunitz             60     1   2  2  
 2 Scott Hartnell           Mikkel Boedker           40     1   2  2  

4 vs 4 Defense
   Defense                  Defense                  Time % Phy DF OF 
 1 Connor Murphy            Ben Hutton               60     1   2  2  
 2 Dalton Prout             MacKenzie Weegar         40     1   2  2  

Last Minutes Offensive
   Center                   Left Wing                Right Wing               Defense                  Defense                  
   Derek Ryan               Milan Lucic              Mikkel Boedker           Connor Murphy            Ben Hutton               

Last Minutes Defensive
   Center                   Left Wing                Right Wing               Defense                  Defense                  
   Derek Ryan               Milan Lucic              Mikkel Boedker           Connor Murphy            Ben Hutton               

Goaltenders
Starting : Steve Mason              
Backup : Scott Darling            

Extra Forwards
Normal : Dale Weise, Chris Stewart, Lee Stempniak - PP : Dale Weise, Chris Stewart - PK : Lee Stempniak
Extra Defensemen
Normal : Dalton Prout, Eric Gelinas, Connor Murphy - PP : Dalton Prout - PK : Eric Gelinas, Connor Murphy
Penalty Shots
Lee Stempniak, Chris Kunitz, Scott Hartnell, Mikkel Boedker, Jamie McGinn


% Time on Ice - MONTREAL Canadiens

Lines # - Real PCT - Wanted PCT - Time Play
Normal Forward
1 - 35% - 40% - 19:10
2 - 30% - 30% - 16:25
3 - 23% - 20% - 12:41
4 - 12% - 10% - 6:47
Normal Defense
1 - 36% - 40% - 19:42
2 - 30% - 30% - 16:33
3 - 29% - 20% - 15:45
4 - 6% - 10% - 3:03
PP Forward
1 - 55% - 60% - 2:42
2 - 45% - 40% - 2:15
PP Defense
1 - 50% - 60% - 2:28
2 - 50% - 40% - 2:29
PK Forward
1 - 0% - 60%
2 - 0% - 40%
PK Defense
1 - 0% - 60%
2 - 0% - 40%
PK3 Forward
1 - 0% - 60%
2 - 0% - 40%
PK3 Defense
1 - 0% - 60%
2 - 0% - 40%
44 Forward
1 - 68% - 60% - 3:24
2 - 32% - 40% - 1:36
44 Defense
1 - 62% - 60% - 3:07
2 - 38% - 40% - 1:53
Last Minute Offensive  - 0:00
Last Minute Defensive  - 0:00
Total
Forward - 65:00
Defense - 65:00

% Time on Ice - DALLAS Stars

Lines # - Real PCT - Wanted PCT - Time Play
Normal Forward
1 - 36% - 40% - 20:03
2 - 27% - 30% - 14:46
3 - 23% - 20% - 12:27
4 - 14% - 10% - 7:47
Normal Defense
1 - 34% - 40% - 18:58
2 - 34% - 30% - 18:37
3 - 29% - 20% - 15:52
4 - 3% - 10% - 1:36
PP Forward
1 - 0% - 60%
2 - 0% - 40%
PP Defense
1 - 0% - 60%
2 - 0% - 40%
PK Forward
1 - 77% - 60% - 3:49
2 - 23% - 40% - 1:08
PK Defense
1 - 62% - 60% - 3:05
2 - 38% - 40% - 1:52
PK3 Forward
1 - 0% - 60%
2 - 0% - 40%
PK3 Defense
1 - 0% - 60%
2 - 0% - 40%
44 Forward
1 - 70% - 60% - 3:31
2 - 30% - 40% - 1:29
44 Defense
1 - 57% - 60% - 2:50
2 - 43% - 40% - 2:10
Last Minute Offensive  - 0:00
Last Minute Defensive  - 0:00
Total
Forward - 65:00
Defense - 65:00

Play-by-Play

1st period


0:01 of 1st period - Pierre-Luc Dubois wins face-off versus Derek Ryan in neutral zone.
0:37 of 1st period - Anthony Beauvillier is hit by Connor Murphy and loses puck.
1:23 of 1st period - Shot by Jason Pominville.
1:23 of 1st period - Stopped by Steve Mason without a rebound.
1:24 of 1st period - Tanner Fritz wins face-off versus Phillip Danault in DALLAS Stars zone.
1:41 of 1st period - Brian Gionta is hit by Chris Stewart and loses puck.
1:58 of 1st period - Shot by Scott Hartnell.
1:58 of 1st period - Shot Hit the Post.
2:09 of 1st period - Icing by Clayton Stoner.
2:10 of 1st period - Chris Kunitz wins face-off versus Phillip Danault in MONTREAL Canadiens zone.
2:13 of 1st period - Shot by Jamie McGinn.
2:13 of 1st period - Shot Misses the Net.
2:23 of 1st period - Icing by Chris Kunitz.
2:24 of 1st period - Tyler Pitlick wins face-off versus Eric Fehr in DALLAS Stars zone.
2:24 of 1st period - Tyler Pitlick is hit by Mark Barberio.
2:38 of 1st period - Shot by Jacob de la Rose.
2:38 of 1st period - Shot Misses the Net.
2:46 of 1st period - Shot by Jamie McGinn.
2:46 of 1st period - Stopped by Carter Hutton without a rebound.
2:47 of 1st period - Dale Weise wins face-off versus Pierre-Luc Dubois in MONTREAL Canadiens zone.
3:02 of 1st period - Shot by Pierre-Luc Dubois.
3:02 of 1st period - Stopped by Steve Mason without a rebound.
3:03 of 1st period - Derek Ryan wins face-off versus Joseph Blandisi in DALLAS Stars zone.
3:22 of 1st period - Shot by Milan Lucic.
3:22 of 1st period - Shot Misses the Net.
3:24 of 1st period - Shot by Milan Lucic.
3:24 of 1st period - Shot Misses the Net.
3:26 of 1st period - Shot by Eric Gelinas.
3:26 of 1st period - Shot Misses the Net.
4:10 of 1st period - Shot by Lee Stempniak.
4:10 of 1st period - Shot Misses the Net.
4:58 of 1st period - Clayton Stoner is hit by MacKenzie Weegar and loses puck.
5:19 of 1st period - Shot by Chris Kunitz.
5:19 of 1st period - Stopped by Carter Hutton without a rebound.
5:20 of 1st period - Derek Ryan wins face-off versus Phillip Danault in MONTREAL Canadiens zone.
5:40 of 1st period - Shot by Brian Gionta.
5:40 of 1st period - Stopped by Steve Mason without a rebound.
5:41 of 1st period - Tanner Fritz wins face-off versus Pierre-Luc Dubois in DALLAS Stars zone.
5:56 of 1st period - Shot by Anthony Beauvillier.
5:56 of 1st period - Goal by Anthony Beauvillier - MONTREAL Canadiens : 1 - DALLAS Stars : 0.
5:57 of 1st period - Joseph Blandisi wins face-off versus Derek Ryan in neutral zone.
6:30 of 1st period - Icing by Mikkel Boedker.
6:31 of 1st period - Pierre-Luc Dubois wins face-off versus Derek Ryan in DALLAS Stars zone.
8:03 of 1st period - Icing by Jamie McGinn.
8:04 of 1st period - Joseph Blandisi wins face-off versus Eric Fehr in DALLAS Stars zone.
8:14 of 1st period - Icing by Connor Murphy.
8:15 of 1st period - Tyler Pitlick wins face-off versus Eric Fehr in DALLAS Stars zone.
8:22 of 1st period - Shot by Chris Kunitz.
8:22 of 1st period - Stopped by Carter Hutton without a rebound.
8:23 of 1st period - Tanner Fritz wins face-off versus Pierre-Luc Dubois in MONTREAL Canadiens zone.
8:42 of 1st period - Clayton Stoner is hit by Scott Hartnell and loses puck.
9:02 of 1st period - Mark Barberio is hit by Clayton Stoner and loses puck.
9:48 of 1st period - Shot by Jamie McGinn.
9:48 of 1st period - Shot Blocked by Paul Martin.
9:50 of 1st period - Shot by Ben Hutton.
9:50 of 1st period - Shot Misses the Net.
9:52 of 1st period - Shot by Jamie McGinn.
9:52 of 1st period - Goal by Jamie McGinn - MONTREAL Canadiens : 1 - DALLAS Stars : 1.
9:53 of 1st period - Derek Ryan wins face-off versus Phillip Danault in neutral zone.
10:03 of 1st period - Icing by Brian Gionta.
10:04 of 1st period - Dale Weise wins face-off versus Marian Gaborik in MONTREAL Canadiens zone.
10:05 of 1st period - Shot by Ben Hutton.
10:05 of 1st period - Shot Misses the Net.
10:12 of 1st period - Marian Gaborik is hit by Connor Murphy and loses puck.
10:27 of 1st period - Shot by Phillip Danault.
10:27 of 1st period - Stopped by Steve Mason with a rebound.
10:33 of 1st period - Shot by Phillip Danault.
10:33 of 1st period - Stopped by Steve Mason without a rebound.
10:34 of 1st period - Pierre-Luc Dubois wins face-off versus Derek Ryan in DALLAS Stars zone.
10:41 of 1st period - Shot by Anthony Beauvillier.
10:41 of 1st period - Stopped by Steve Mason without a rebound.
10:42 of 1st period - Derek Ryan wins face-off versus Pierre-Luc Dubois in DALLAS Stars zone.
10:42 of 1st period - Derek Ryan is hit by Anthony Beauvillier.
10:58 of 1st period - Shot by Mikkel Boedker.
10:58 of 1st period - Shot Misses the Net.
11:12 of 1st period - Shot by Anthony Mantha.
11:12 of 1st period - Stopped by Steve Mason with a rebound.
12:28 of 1st period - Shot by Jacob de la Rose.
12:28 of 1st period - Shot Misses the Net.
12:30 of 1st period - Shot by Frederick Gaudreau.
12:30 of 1st period - Stopped by Steve Mason with a rebound.
13:24 of 1st period - Phillip Danault is hit by Dalton Prout and loses puck.
14:10 of 1st period - Shot by Derek Ryan.
14:10 of 1st period - Stopped by Carter Hutton without a rebound.
14:11 of 1st period - Anthony Beauvillier wins face-off versus Dale Weise in MONTREAL Canadiens zone.
14:24 of 1st period - Shot by Pierre-Luc Dubois.
14:24 of 1st period - Stopped by Steve Mason without a rebound.
14:25 of 1st period - Derek Ryan wins face-off versus Joseph Blandisi in DALLAS Stars zone.
14:54 of 1st period - Shot by Mikkel Boedker.
14:54 of 1st period - Stopped by Carter Hutton with a rebound.
15:42 of 1st period - Shot by Tanner Fritz.
15:42 of 1st period - Stopped by Carter Hutton without a rebound.
15:43 of 1st period - Tyler Pitlick wins face-off versus Eric Fehr in MONTREAL Canadiens zone.
15:49 of 1st period - Jacob de la Rose is hit by MacKenzie Weegar and loses puck.
16:05 of 1st period - Jamie McGinn is hit by Samuel Morin and loses puck.
16:12 of 1st period - Shot by Chris Kunitz.
16:12 of 1st period - Stopped by Carter Hutton without a rebound.
16:13 of 1st period - Pierre-Luc Dubois wins face-off versus Lee Stempniak in MONTREAL Canadiens zone.
16:18 of 1st period - Connor Murphy is hit by Pierre-Luc Dubois and loses puck.
16:22 of 1st period - Icing by Connor Murphy.
16:23 of 1st period - Pierre-Luc Dubois wins face-off versus Dale Weise in DALLAS Stars zone.
16:54 of 1st period - Shot by Lee Stempniak.
16:54 of 1st period - Shot Blocked by Greg Pateryn.
17:32 of 1st period - Shot by Joseph Blandisi.
17:32 of 1st period - Stopped by Steve Mason with a rebound.
17:34 of 1st period - Shot by Jason Pominville.
17:34 of 1st period - Stopped by Steve Mason without a rebound.
17:35 of 1st period - Phillip Danault wins face-off versus Eric Fehr in DALLAS Stars zone.
17:36 of 1st period - Shot by Brian Gionta.
17:36 of 1st period - Shot Misses the Net.
19:45 of 1st period - Shot by Chris Stewart.
19:45 of 1st period - Shot Misses the Net.
19:49 of 1st period - Shot by Scott Hartnell.
19:49 of 1st period - Stopped by Carter Hutton without a rebound.
19:50 of 1st period - Dale Weise wins face-off versus Pierre-Luc Dubois in MONTREAL Canadiens zone.
Goals for this period are 1 for MONTREAL Canadiens vs 1 for DALLAS Stars.
Shots for this period are 12 for MONTREAL Canadiens vs 9 for DALLAS Stars.

2nd period


0:01 of 2nd period - Derek Ryan wins face-off versus Pierre-Luc Dubois in neutral zone.
0:04 of 2nd period - Greg Pateryn is hit by Milan Lucic and loses puck.
0:12 of 2nd period - Off-side.
0:13 of 2nd period - Chris Stewart wins face-off versus Joseph Blandisi in neutral zone.
1:18 of 2nd period - Shot by Anthony Beauvillier.
1:18 of 2nd period - Stopped by Steve Mason without a rebound.
1:19 of 2nd period - Phillip Danault wins face-off versus Derek Ryan in DALLAS Stars zone.
1:22 of 2nd period - Shot by Brian Gionta.
1:22 of 2nd period - Shot Misses the Net.
1:24 of 2nd period - Shot by Kevin Gravel.
1:24 of 2nd period - Stopped by Steve Mason without a rebound.
1:25 of 2nd period - Pierre-Luc Dubois wins face-off versus Derek Ryan in DALLAS Stars zone.
1:25 of 2nd period - Pierre-Luc Dubois is hit by Connor Murphy.
1:27 of 2nd period - Shot by Anthony Beauvillier.
1:27 of 2nd period - Shot Misses the Net.
1:48 of 2nd period - Mikkel Boedker is hit by Clayton Stoner and loses puck.
2:39 of 2nd period - Shot by Chris Kunitz.
2:39 of 2nd period - Stopped by Carter Hutton without a rebound.
2:40 of 2nd period - Marian Gaborik wins face-off versus Dale Weise in MONTREAL Canadiens zone.
2:40 of 2nd period - Marian Gaborik is hit by Dale Weise.
2:51 of 2nd period - Brian Gionta is hit by MacKenzie Weegar and loses puck.
3:18 of 2nd period - Shot by Phillip Danault.
3:18 of 2nd period - Stopped by Steve Mason without a rebound.
3:19 of 2nd period - Eric Fehr wins face-off versus Joseph Blandisi in DALLAS Stars zone.
3:19 of 2nd period - Eric Fehr is hit by Jason Pominville.
3:22 of 2nd period - Chris Kunitz is hit by Mathieu Perreault and loses puck.
4:30 of 2nd period - Shot by Anthony Mantha.
4:30 of 2nd period - Stopped by Steve Mason without a rebound.
4:31 of 2nd period - Derek Ryan wins face-off versus Jacob de la Rose in DALLAS Stars zone.
4:42 of 2nd period - Shot by Milan Lucic.
4:42 of 2nd period - Shot Blocked by Greg Pateryn.
4:44 of 2nd period - Shot by Connor Murphy.
4:44 of 2nd period - Stopped by Carter Hutton without a rebound.
4:45 of 2nd period - Phillip Danault wins face-off versus Tanner Fritz in MONTREAL Canadiens zone.
5:01 of 2nd period - Marian Gaborik is hit by MacKenzie Weegar and loses puck.
5:08 of 2nd period - Shot by Phillip Danault.
5:08 of 2nd period - Stopped by Steve Mason without a rebound.
5:09 of 2nd period - Pierre-Luc Dubois wins face-off versus Derek Ryan in DALLAS Stars zone.
5:25 of 2nd period - Mikkel Boedker is hit by Derrick Pouliot and loses puck.
5:30 of 2nd period - Shot by Mikkel Boedker.
5:30 of 2nd period - Deflect By Milan Lucic.
5:30 of 2nd period - Stopped by Carter Hutton with a rebound.
5:32 of 2nd period - Shot by Ben Hutton.
5:32 of 2nd period - Shot Misses the Net.
5:34 of 2nd period - Shot by Derek Ryan.
5:34 of 2nd period - Shot Misses the Net.
5:36 of 2nd period - Shot by Milan Lucic.
5:36 of 2nd period - Deflect By Derek Ryan.
5:36 of 2nd period - Shot Blocked by Anthony Mantha.
5:38 of 2nd period - Shot by Milan Lucic.
5:38 of 2nd period - Stopped by Carter Hutton without a rebound.
5:39 of 2nd period - Joseph Blandisi wins face-off versus Tanner Fritz in MONTREAL Canadiens zone.
5:49 of 2nd period - Jason Pominville is hit by Mark Barberio and loses puck.
5:54 of 2nd period - Shot by Mathieu Perreault.
5:54 of 2nd period - Stopped by Steve Mason without a rebound.
5:55 of 2nd period - Tyler Pitlick wins face-off versus Eric Fehr in DALLAS Stars zone.
6:02 of 2nd period - Shot by Tyler Pitlick.
6:02 of 2nd period - Stopped by Steve Mason without a rebound.
6:03 of 2nd period - Pierre-Luc Dubois wins face-off versus Derek Ryan in DALLAS Stars zone.
6:07 of 2nd period - Icing by Mark Barberio.
6:08 of 2nd period - Derek Ryan wins face-off versus Pierre-Luc Dubois in DALLAS Stars zone.
6:08 of 2nd period - Derek Ryan is hit by Anthony Beauvillier.
7:25 of 2nd period - Eric Fehr is hit by Mathieu Perreault.
7:38 of 2nd period - Icing by Kevin Gravel.
7:39 of 2nd period - Joseph Blandisi wins face-off versus Tanner Fritz in MONTREAL Canadiens zone.
7:39 of 2nd period - Joseph Blandisi is hit by Tanner Fritz.
8:26 of 2nd period - Shot by Jacob de la Rose.
8:26 of 2nd period - Stopped by Steve Mason without a rebound.
8:27 of 2nd period - Eric Fehr wins face-off versus Phillip Danault in DALLAS Stars zone.
10:56 of 2nd period - Icing by Paul Martin.
10:57 of 2nd period - Eric Fehr wins face-off versus Mathieu Perreault in MONTREAL Canadiens zone.
10:57 of 2nd period - Chris Kunitz is hit by Greg Pateryn and loses puck.
11:15 of 2nd period - Minor Penalty to Connor Murphy for Interference.
11:16 of 2nd period - Derek Ryan wins face-off versus Pierre-Luc Dubois in DALLAS Stars zone.
11:29 of 2nd period - Shot by Jason Pominville.
11:29 of 2nd period - Stopped by Steve Mason without a rebound.
11:30 of 2nd period - Derek Ryan wins face-off versus Anthony Beauvillier in DALLAS Stars zone.
11:30 of 2nd period - Derek Ryan is hit by Anthony Beauvillier.
11:52 of 2nd period - Shot by Anthony Beauvillier.
11:52 of 2nd period - Stopped by Steve Mason without a rebound.
11:53 of 2nd period - Anthony Mantha wins face-off versus Lee Stempniak in DALLAS Stars zone.
12:36 of 2nd period - Shot by Greg Pateryn.
12:36 of 2nd period - Stopped by Steve Mason with a rebound.
12:38 of 2nd period - Shot by Greg Pateryn.
12:38 of 2nd period - Shot Misses the Net.
12:40 of 2nd period - Shot by Greg Pateryn.
12:40 of 2nd period - Stopped by Steve Mason without a rebound.
12:41 of 2nd period - Scott Hartnell wins face-off versus Brian Gionta in DALLAS Stars zone.
12:41 of 2nd period - Scott Hartnell is hit by Mathieu Perreault.
13:06 of 2nd period - Shot by Greg Pateryn.
13:06 of 2nd period - Deflect By Anthony Beauvillier.
13:06 of 2nd period - Shot Blocked by MacKenzie Weegar.
13:08 of 2nd period - Shot by Brian Gionta.
13:08 of 2nd period - Stopped by Steve Mason without a rebound.
13:09 of 2nd period - Pierre-Luc Dubois wins face-off versus Derek Ryan in DALLAS Stars zone.
13:14 of 2nd period - Shot by Jason Pominville.
13:14 of 2nd period - Shot Misses the Net.
13:35 of 2nd period - Shot by Frederick Gaudreau.
13:35 of 2nd period - Stopped by Steve Mason without a rebound.
13:36 of 2nd period - Joseph Blandisi wins face-off versus Derek Ryan in DALLAS Stars zone.
13:38 of 2nd period - Jason Pominville is hit by MacKenzie Weegar and loses puck.
13:55 of 2nd period - Shot by Jason Pominville.
13:55 of 2nd period - Stopped by Steve Mason without a rebound.
13:56 of 2nd period - Tanner Fritz wins face-off versus Pierre-Luc Dubois in DALLAS Stars zone.
13:58 of 2nd period - Icing by Scott Hartnell.
13:59 of 2nd period - Scott Hartnell wins face-off versus Pierre-Luc Dubois in DALLAS Stars zone.
14:30 of 2nd period - Shot by Ben Hutton.
14:30 of 2nd period - Stopped by Carter Hutton without a rebound.
14:31 of 2nd period - Mikkel Boedker wins face-off versus Jason Pominville in MONTREAL Canadiens zone.
14:52 of 2nd period - Shot by Mathieu Perreault.
14:52 of 2nd period - Stopped by Steve Mason without a rebound.
14:53 of 2nd period - Eric Fehr wins face-off versus Phillip Danault in DALLAS Stars zone.
15:16 of 2nd period - Shot by Chris Kunitz.
15:16 of 2nd period - Stopped by Carter Hutton without a rebound.
15:17 of 2nd period - Derek Ryan wins face-off versus Pierre-Luc Dubois in MONTREAL Canadiens zone.
15:22 of 2nd period - Shot by Milan Lucic.
15:22 of 2nd period - Stopped by Carter Hutton with a rebound.
15:26 of 2nd period - Shot by Derek Ryan.
15:26 of 2nd period - Shot Misses the Net.
15:55 of 2nd period - Mikkel Boedker is hit by Greg Pateryn and loses puck.
16:19 of 2nd period - Jamie McGinn is hit by Samuel Morin.
16:27 of 2nd period - Shot by Jamie McGinn.
16:27 of 2nd period - Shot Blocked by Joseph Blandisi.
16:29 of 2nd period - Shot by Chris Kunitz.
16:29 of 2nd period - Stopped by Carter Hutton without a rebound.
16:30 of 2nd period - Tanner Fritz wins face-off versus Tyler Pitlick in MONTREAL Canadiens zone.
16:30 of 2nd period - Tanner Fritz is hit by Kevin Gravel.
16:51 of 2nd period - Shot by Tyler Pitlick.
16:51 of 2nd period - Stopped by Steve Mason without a rebound.
16:52 of 2nd period - Joseph Blandisi wins face-off versus Eric Fehr in DALLAS Stars zone.
17:59 of 2nd period - Shot by Derek Ryan.
17:59 of 2nd period - Shot Misses the Net.
18:01 of 2nd period - Shot by Milan Lucic.
18:01 of 2nd period - Shot Blocked by Samuel Morin.
18:35 of 2nd period - Shot by Chris Stewart.
18:35 of 2nd period - Shot Misses the Net.
18:37 of 2nd period - Shot by Dalton Prout.
18:37 of 2nd period - Goal by Dalton Prout - MONTREAL Canadiens : 1 - DALLAS Stars : 2.
18:38 of 2nd period - Pierre-Luc Dubois wins face-off versus Dale Weise in neutral zone.
18:47 of 2nd period - Shot by Anthony Beauvillier.
18:47 of 2nd period - Shot Misses the Net.
19:41 of 2nd period - Mark Barberio is hit by Phillip Danault and loses puck.
Goals for this period are 0 for MONTREAL Canadiens vs 1 for DALLAS Stars.
Shots for this period are 17 for MONTREAL Canadiens vs 9 for DALLAS Stars.

3rd period


0:01 of 3rd period - Derek Ryan wins face-off versus Pierre-Luc Dubois in neutral zone.
0:10 of 3rd period - Minor Penalty to Connor Murphy for Holding.
0:11 of 3rd period - Pierre-Luc Dubois wins face-off versus Derek Ryan in DALLAS Stars zone.
0:15 of 3rd period - Jason Pominville is hit by Dalton Prout and loses puck.
0:18 of 3rd period - Shot by Pierre-Luc Dubois.
0:18 of 3rd period - Shot Misses the Net.
0:32 of 3rd period - Pierre-Luc Dubois is hit by Derek Ryan.
1:31 of 3rd period - Shot by Greg Pateryn.
1:31 of 3rd period - Stopped by Steve Mason without a rebound.
1:32 of 3rd period - Pierre-Luc Dubois wins face-off versus Scott Hartnell in DALLAS Stars zone.
1:40 of 3rd period - Icing by Pierre-Luc Dubois.
1:41 of 3rd period - Pierre-Luc Dubois wins face-off versus Derek Ryan in MONTREAL Canadiens zone.
1:53 of 3rd period - Icing by Anthony Mantha.
1:54 of 3rd period - Pierre-Luc Dubois wins face-off versus Derek Ryan in MONTREAL Canadiens zone.
2:06 of 3rd period - Shot by Anthony Mantha.
2:06 of 3rd period - Shot Misses the Net.
3:05 of 3rd period - Icing by Clayton Stoner.
3:06 of 3rd period - Dale Weise wins face-off versus Tyler Pitlick in MONTREAL Canadiens zone.
3:06 of 3rd period - Dale Weise is hit by Clayton Stoner.
3:21 of 3rd period - Tyler Ennis is hit by Clayton Stoner and loses puck.
3:26 of 3rd period - Shot by Tyler Ennis.
3:26 of 3rd period - Shot Blocked by Kevin Gravel.
3:28 of 3rd period - Shot by Mark Barberio.
3:28 of 3rd period - Stopped by Carter Hutton with a rebound.
3:30 of 3rd period - Shot by Lee Stempniak.
3:30 of 3rd period - Shot Hit the Post.
3:34 of 3rd period - Shot by Lee Stempniak.
3:34 of 3rd period - Shot Misses the Net.
3:44 of 3rd period - Shot by Dale Weise.
3:44 of 3rd period - Stopped by Carter Hutton without a rebound.
3:45 of 3rd period - Pierre-Luc Dubois wins face-off versus Derek Ryan in MONTREAL Canadiens zone.
4:11 of 3rd period - Minor Penalty to Eric Gelinas for Holding.
4:12 of 3rd period - Derek Ryan wins face-off versus Anthony Beauvillier in DALLAS Stars zone.
4:44 of 3rd period - Shot by Mathieu Perreault.
4:44 of 3rd period - Stopped by Steve Mason without a rebound.
4:45 of 3rd period - Pierre-Luc Dubois wins face-off versus Scott Hartnell in DALLAS Stars zone.
5:08 of 3rd period - Shot by Jason Pominville.
5:08 of 3rd period - Deflect By Pierre-Luc Dubois.
5:08 of 3rd period - Shot Misses the Net.
5:10 of 3rd period - Shot by Pierre-Luc Dubois.
5:10 of 3rd period - Goal by Pierre-Luc Dubois - MONTREAL Canadiens : 2 - DALLAS Stars : 2.
5:11 of 3rd period - Dale Weise wins face-off versus Tyler Pitlick in neutral zone.
5:28 of 3rd period - Icing by Dale Weise.
5:29 of 3rd period - Joseph Blandisi wins face-off versus Dale Weise in DALLAS Stars zone.
5:29 of 3rd period - Joseph Blandisi is hit by Eric Gelinas.
5:40 of 3rd period - Icing by Lee Stempniak.
5:41 of 3rd period - Pierre-Luc Dubois wins face-off versus Dale Weise in DALLAS Stars zone.
6:04 of 3rd period - Shot by Lee Stempniak.
6:04 of 3rd period - Shot Blocked by Paul Martin.
6:06 of 3rd period - Shot by Lee Stempniak.
6:06 of 3rd period - Stopped by Carter Hutton without a rebound.
6:07 of 3rd period - Joseph Blandisi wins face-off versus Derek Ryan in MONTREAL Canadiens zone.
6:38 of 3rd period - Shot by Derek Ryan.
6:38 of 3rd period - Shot Misses the Net.
8:03 of 3rd period - Shot by Anthony Mantha.
8:03 of 3rd period - Goal by Anthony Mantha - MONTREAL Canadiens : 3 - DALLAS Stars : 2.
8:04 of 3rd period - Phillip Danault wins face-off versus Tanner Fritz in neutral zone.
8:08 of 3rd period - Brian Gionta is hit by Eric Gelinas and loses puck.
8:28 of 3rd period - Brian Gionta is hit by Eric Gelinas and loses puck.
8:31 of 3rd period - Shot by Phillip Danault.
8:31 of 3rd period - Deflect By Brian Gionta.
8:31 of 3rd period - Stopped by Steve Mason with a rebound.
8:36 of 3rd period - Phillip Danault is hit by Eric Gelinas and loses puck.
9:00 of 3rd period - Icing by Greg Pateryn.
9:01 of 3rd period - Dale Weise wins face-off versus Tyler Pitlick in MONTREAL Canadiens zone.
9:23 of 3rd period - Shot by Tyler Pitlick.
9:23 of 3rd period - Shot Blocked by Connor Murphy.
9:39 of 3rd period - Shot by Ben Hutton.
9:39 of 3rd period - Goal by Ben Hutton - MONTREAL Canadiens : 3 - DALLAS Stars : 3.
9:40 of 3rd period - Derek Ryan wins face-off versus Pierre-Luc Dubois in neutral zone.
9:47 of 3rd period - Shot by Derek Ryan.
9:47 of 3rd period - Shot Misses the Net.
10:00 of 3rd period - Icing by Mark Barberio.
10:01 of 3rd period - Derek Ryan wins face-off versus Joseph Blandisi in DALLAS Stars zone.
10:01 of 3rd period - Derek Ryan is hit by Mathieu Perreault.
10:07 of 3rd period - Shot by Mathieu Perreault.
10:07 of 3rd period - Shot Misses the Net.
10:09 of 3rd period - Shot by Joseph Blandisi.
10:09 of 3rd period - Shot Misses the Net.
10:55 of 3rd period - Shot by Eric Fehr.
10:55 of 3rd period - Stopped by Carter Hutton with a rebound.
11:06 of 3rd period - Icing by Connor Murphy.
11:07 of 3rd period - Pierre-Luc Dubois wins face-off versus Eric Fehr in DALLAS Stars zone.
11:12 of 3rd period - Shot by Anthony Beauvillier.
11:12 of 3rd period - Stopped by Steve Mason without a rebound.
11:13 of 3rd period - Pierre-Luc Dubois wins face-off versus Tanner Fritz in DALLAS Stars zone.
11:26 of 3rd period - Shot by Pierre-Luc Dubois.
11:26 of 3rd period - Shot Hit the Post.
11:28 of 3rd period - Shot by Greg Pateryn.
11:28 of 3rd period - Stopped by Steve Mason without a rebound.
11:29 of 3rd period - Derek Ryan wins face-off versus Phillip Danault in DALLAS Stars zone.
11:38 of 3rd period - Shot by Derek Ryan.
11:38 of 3rd period - Shot Misses the Net.
11:40 of 3rd period - Shot by Derek Ryan.
11:40 of 3rd period - Shot Misses the Net.
11:46 of 3rd period - Shot by Milan Lucic.
11:46 of 3rd period - Stopped by Carter Hutton without a rebound.
11:47 of 3rd period - Jamie McGinn wins face-off versus Pierre-Luc Dubois in MONTREAL Canadiens zone.
12:00 of 3rd period - Shot by Chris Kunitz.
12:00 of 3rd period - Stopped by Carter Hutton with a rebound.
12:02 of 3rd period - Shot by Chris Kunitz.
12:02 of 3rd period - Shot Blocked by Paul Martin.
12:45 of 3rd period - Icing by Anthony Mantha.
12:46 of 3rd period - Pierre-Luc Dubois wins face-off versus Tanner Fritz in MONTREAL Canadiens zone.
12:52 of 3rd period - Pierre-Luc Dubois is hit by Eric Gelinas and loses puck.
13:54 of 3rd period - Shot by Phillip Danault.
13:54 of 3rd period - Shot Misses the Net.
14:55 of 3rd period - Icing by Clayton Stoner.
14:56 of 3rd period - Phillip Danault wins face-off versus Eric Fehr in MONTREAL Canadiens zone.
15:28 of 3rd period - Shot by Jamie McGinn.
15:28 of 3rd period - Shot Misses the Net.
16:15 of 3rd period - Shot by Paul Martin.
16:15 of 3rd period - Shot Misses the Net.
16:17 of 3rd period - Shot by Joseph Blandisi.
16:17 of 3rd period - Stopped by Steve Mason without a rebound.
16:18 of 3rd period - Tyler Pitlick wins face-off versus Derek Ryan in DALLAS Stars zone.
16:33 of 3rd period - Shot by Jacob de la Rose.
16:33 of 3rd period - Stopped by Steve Mason without a rebound.
16:34 of 3rd period - Joseph Blandisi wins face-off versus Dale Weise in DALLAS Stars zone.
16:52 of 3rd period - Shot by Mathieu Perreault.
16:52 of 3rd period - Shot Misses the Net.
17:01 of 3rd period - Off-side.
17:02 of 3rd period - Pierre-Luc Dubois wins face-off versus Derek Ryan in neutral zone.
17:02 of 3rd period - Pierre-Luc Dubois is hit by Milan Lucic.
17:16 of 3rd period - Mikkel Boedker is hit by Paul Martin and loses puck.
17:19 of 3rd period - Shot by Derek Ryan.
17:19 of 3rd period - Stopped by Carter Hutton with a rebound.
17:37 of 3rd period - Shot by Eric Gelinas.
17:37 of 3rd period - Shot Blocked by Greg Pateryn.
18:15 of 3rd period - Icing by Connor Murphy.
18:16 of 3rd period - Phillip Danault wins face-off versus Tanner Fritz in DALLAS Stars zone.
18:55 of 3rd period - Shot by Marian Gaborik.
18:55 of 3rd period - Deflect By Phillip Danault.
18:55 of 3rd period - Stopped by Steve Mason without a rebound.
18:56 of 3rd period - Joseph Blandisi wins face-off versus Milan Lucic in DALLAS Stars zone.
19:06 of 3rd period - Derek Ryan is hit by Clayton Stoner and loses puck.
19:11 of 3rd period - Shot by Derek Ryan.
19:11 of 3rd period - Stopped by Carter Hutton with a rebound.
19:13 of 3rd period - Shot by Mikkel Boedker.
19:13 of 3rd period - Shot Misses the Net.
19:15 of 3rd period - Shot by Milan Lucic.
19:15 of 3rd period - Stopped by Carter Hutton without a rebound.
19:16 of 3rd period - Eric Fehr wins face-off versus Pierre-Luc Dubois in MONTREAL Canadiens zone.
19:19 of 3rd period - Shot by Chris Kunitz.
19:19 of 3rd period - Stopped by Carter Hutton without a rebound.
19:20 of 3rd period - Derek Ryan wins face-off versus Pierre-Luc Dubois in MONTREAL Canadiens zone.
19:20 of 3rd period - Connor Murphy is hit by Greg Pateryn and loses puck.
19:52 of 3rd period - Shot by Anthony Beauvillier.
19:52 of 3rd period - Stopped by Steve Mason with a rebound.
19:54 of 3rd period - Shot by Greg Pateryn.
19:54 of 3rd period - Stopped by Steve Mason with a rebound.
19:56 of 3rd period - Shot by Anthony Mantha.
19:56 of 3rd period - Stopped by Steve Mason without a rebound.
19:57 of 3rd period - Eric Fehr wins face-off versus Joseph Blandisi in DALLAS Stars zone.
Goals for this period are 2 for MONTREAL Canadiens vs 1 for DALLAS Stars.
Shots for this period are 13 for MONTREAL Canadiens vs 11 for DALLAS Stars.

Overtime #1


0:01 of 1st overtime period - Milan Lucic wins face-off versus Mathieu Perreault in neutral zone.
0:32 of 1st overtime period - Shot by Chris Kunitz.
0:32 of 1st overtime period - Shot Blocked by Paul Martin.
1:03 of 1st overtime period - Shot by Scott Hartnell.
1:03 of 1st overtime period - Shot Misses the Net.
1:05 of 1st overtime period - Shot by Mikkel Boedker.
1:05 of 1st overtime period - Stopped by Carter Hutton without a rebound.
1:06 of 1st overtime period - Milan Lucic wins face-off versus Anthony Beauvillier in MONTREAL Canadiens zone.
1:17 of 1st overtime period - Shot by Anthony Beauvillier.
1:17 of 1st overtime period - Shot Misses the Net.
1:19 of 1st overtime period - Shot by Anthony Mantha.
1:19 of 1st overtime period - Stopped by Steve Mason without a rebound.
1:20 of 1st overtime period - Milan Lucic wins face-off versus Mathieu Perreault in DALLAS Stars zone.
1:49 of 1st overtime period - Shot by Chris Kunitz.
1:49 of 1st overtime period - Shot Misses the Net.
2:12 of 1st overtime period - Icing by Greg Pateryn.
2:13 of 1st overtime period - Mathieu Perreault wins face-off versus Chris Stewart in MONTREAL Canadiens zone.
2:59 of 1st overtime period - Shot by Derrick Pouliot.
2:59 of 1st overtime period - Shot Blocked by Dale Weise.
3:01 of 1st overtime period - Shot by Anthony Mantha.
3:01 of 1st overtime period - Stopped by Steve Mason without a rebound.
3:02 of 1st overtime period - Milan Lucic wins face-off versus Anthony Beauvillier in DALLAS Stars zone.
3:17 of 1st overtime period - Shot by Chris Kunitz.
3:17 of 1st overtime period - Stopped by Carter Hutton with a rebound.
4:44 of 1st overtime period - Shot by Mathieu Perreault.
4:44 of 1st overtime period - Stopped by Steve Mason with a rebound.
Goals for this period are 0 for MONTREAL Canadiens vs 0 for DALLAS Stars.
Shots for this period are 3 for MONTREAL Canadiens vs 2 for DALLAS Stars.

ShootOut


5:00 of 1st overtime period - Round #1.
5:00 of 1st overtime period - MONTREAL Canadiens, Pierre-Luc Dubois.
5:00 of 1st overtime period - Goal by Pierre-Luc Dubois.
5:00 of 1st overtime period - DALLAS Stars, Lee Stempniak.
5:00 of 1st overtime period - Stopped by Carter Hutton.
5:00 of 1st overtime period - Round #2.
5:00 of 1st overtime period - MONTREAL Canadiens, Mathieu Perreault.
5:00 of 1st overtime period - Stopped by Steve Mason.
5:00 of 1st overtime period - DALLAS Stars, Chris Kunitz.
5:00 of 1st overtime period - Stopped by Carter Hutton.
5:00 of 1st overtime period - Round #3.
5:00 of 1st overtime period - MONTREAL Canadiens, Tyler Pitlick.
5:00 of 1st overtime period - Stopped by Steve Mason.
5:00 of 1st overtime period - DALLAS Stars, Scott Hartnell.
5:00 of 1st overtime period - Stopped by Carter Hutton.